 Dungeon Crawl Stone Soup version 0.23-a0-171-g5ae17c6e89 (webtiles) character file.

139 Holzbalken the Cutter (level 5, 0/38 HPs)
             Began as a Demonspawn Gladiator on Sept 14, 2018.
             Slain by a hobgoblin
             ... wielding a +0 club
             ... led by Robin
              (3 damage)
             ... on level 3 of the Dungeon.
             The game lasted 00:11:33 (2360 turns).

Holzbalken the Cutter (Demonspawn Gladiator)        Turns: 2360, Time: 00:11:34

Health: 0/38       AC:  5    Str: 14    XL:     5   Next: 1%
Magic:  0/6        EV: 12    Int: 11    God:
Gold:   62         SH:  0    Dex: 14    Spells: 4/6 levels left

rFire    + . .     SeeInvis .   e - +0 short sword (speed)
rCold    . . .     Gourm    .   (no shield)
rNeg     . . .     Faith    .   b - +0 leather armour
rPois    .         Spirit   +   c - +0 helmet
rElec    .         Reflect  .   (no cloak)
rCorr    .         Harm     .   (no gloves)
MR       .....                  l - +0 pair of boots
Stlth    ++........             (no amulet)
HPRegen  0.12/turn              (no ring)
MPRegen  0.20/turn              (no ring)

@: no status effects
A: fire resistance 1, magic shield, magic regeneration
a: no special abilities


You were on level 3 of the Dungeon.
You were not hungry.

You visited 1 branch of the dungeon, and saw 3 of its levels.

You collected 62 gold pieces.

Inventory:

Hand Weapons
 a - a +0 long sword
 e - a +0 short sword of speed (weapon)
Missiles
 d - 3 throwing nets (quivered)
Armour
 b - a +0 leather armour (worn)
 c - a +0 helmet (worn)
 l - a +0 pair of boots (worn)
Scrolls
 h - 2 scrolls of identify {unknown}
 k - a scroll of teleportation {unknown}
 m - a scroll of blinking {unknown}
Potions
 i - a potion of lignification
Comestibles
 f - 7 rations


   Skills:
 - Level 2.0 Fighting
 * Level 3.3(3.9) Short Blades
 - Level 2.7(3.5) Long Blades
 - Level 1.7 Throwing
 - Level 2.6 Dodging
 + Level 1.2 Stealth
 + Level 1.1 Spellcasting
 + Level 1.2 Hexes


You had 4 spell levels left.
You knew the following spells:

 Your Spells              Type           Power        Failure   Level  Hunger
a - Apportation           Tloc           #.....       38%         1    ##.....
b - Confusing Touch       Hex            #.....       24%         1    ##.....

Your spell library contained the following spells:

 Spells                   Type           Power        Failure   Level  Hunger
 Animate Skeleton         Necr           N/A          38%         1    ##.....
 Summon Small Mammal      Summ           #...         38%         1    ##.....


Dungeon Overview and Level Annotations

Branches:
Dungeon (3/15)

Altars:


Innate Abilities, Weirdness & Mutations

Your flesh is heat resistant. (rF+)
When hurt, damage is shared between your health and your magic reserves.
You regenerate magic rapidly.


Message History

You barely miss Robin.
Robin is severely wounded.
The goblin hits you.
* * * LOW HITPOINT WARNING * * *
The bat hits you but does no damage. The goblin closely misses you.
The hobgoblin closely misses you. The hobgoblin hits you with a club.
* * * LOW HITPOINT WARNING * * *
The hobgoblin hits you with a club.
* * * LOW HITPOINT WARNING * * *
You hit Robin but do no damage.
Robin is severely wounded.
The bat hits you but does no damage. The goblin barely misses you.
The goblin misses you.
You hit Robin.
You kill Robin!
You have reached level 5!
The goblin barely misses you.
The hobgoblin hits you but does no damage.
The hobgoblin hits you with a club.
You die...

....... #..........#
#..........# #####
#..........# ##...##
#..........# ##.....##
####........# #.......#
.......g....####.......#
#...ggs......#.......#
#...g@g....#.##.....##
#...gggg...#........##
......b.g.........<....#
###..........#..........
##........#...........
##.!....#.<.........)
########............
#............
#............


You could see a giant cockroach, 3 hobgoblins, 7 goblins and a bat.

Vanquished Creatures
  Robin (D:3)
  4 gnolls (D:2)
  2 adders
  An adder skeleton (D:3)
  A worm (D:3)
  2 leopard geckos
  An orc (D:3)
  A ball python (D:3)
  2 giant cockroaches
  8 goblins
  2 hobgoblins
  14 jackals
  3 quokkas
  9 bats
  A frilled lizard (D:1)
  4 kobolds
  5 rats
61 creatures vanquished.

Notes
Turn   | Place    | Note
-------+----------+-------------------------------------------
     0 | D:1      | Holzbalken the Demonspawn Gladiator began the quest for the
                  | Orb.
     0 | D:1      | Reached XP level 1. HP: 16/16 MP: 1/1
   518 | D:1      | Reached skill level 1 in Short Blades
   552 | D:1      | Gained mutation: When hurt, damage is shared between your
                  | health and your magic reserves. [demonic ancestry]
   552 | D:1      | Reached XP level 2. HP: 20/22 MP: 2/2
   962 | D:2      | Found a faded altar of an unknown god.
   985 | D:2      | Reached skill level 2 in Short Blades
  1084 | D:2      | Learned a level 1 spell: Apportation
  1129 | D:2      | Gained mutation: You regenerate magic rapidly. [demonic
                  | ancestry]
  1129 | D:2      | Reached XP level 3. HP: 15/27 MP: 3/3
  1283 | D:2      | Learned a level 1 spell: Confusing Touch
  1544 | D:2      | Reached skill level 3 in Short Blades
  1544 | D:2      | Gained mutation: Your flesh is heat resistant. (rF+)
                  | [demonic ancestry]
  1544 | D:2      | Reached XP level 4. HP: 25/33 MP: 4/4
  1913 | D:3      | Reached skill level 1 in Hexes
  1968 | D:3      | Reached skill level 1 in Spellcasting
  1969 | D:3      | Reached skill level 1 in Stealth
  2344 | D:3      | Noticed Robin
  2360 | D:3      | Killed Robin
  2360 | D:3      | Reached XP level 5. HP: 3/38 MP: 1/6
  2360 | D:3      | Slain by a hobgoblin

Vault maps used:
D:1:      ebering_hopf_link, feat_on_display
D:2:      first_ration, chequers_ecumenical_altar_simple_redux
D:3:      uniq_robin

Skill      XL: |  1  2  3  4 |
---------------+-------------+-----
Short Blades   | 1 2 3 |  3.3
Hexes          | 1 |  1.2
Spellcasting   | 1 |  1.1
Stealth        | 1 |  1.2
Fighting       | |  2.0
Long Blades    | |  2.7
Throwing       | |  1.7
Dodging        | |  2.6

Action                   |  1- 3 |  4- 6 || total
-------------------------+-------+-------++-------
Melee: Short sword       |   183 |   126 ||   309
       Long sword        |     1 |       ||     1
 Cast: Confusing Touch   |       |     1 ||     1
  Use: Potion            |       |     4 ||     4
 Stab: Sleeping          |     2 |       ||     2
  Eat: Chunk             |     2 |     3 ||     5
Armor: Leather armour    |    51 |    52 ||   103
       Skin              |       |    17 ||    17
Dodge: Dodged            |   136 |    98 ||   234

Table legend:
 A = Non-vault XP
 B = Vault XP
 C = Vault XP percentage of total XP
 D = Non-vault monster count
 E = Vault monster count
 F = Vault count percentage of total count
                 A         B        C        D         E       F
            +---------+---------+-------+---------+---------+-------
      Total |     182 |      17 |   8.5 |      59 |       2 |   3.3
            +---------+---------+-------+---------+---------+-------
        D:1 |      23 |       0 |   0.0 |      15 |       0 |   0.0
        D:2 |     111 |       0 |   0.0 |      29 |       0 |   0.0
        D:3 |      48 |      17 |  26.2 |      15 |       2 |  11.8
            +---------+---------+-------+---------+---------+-------
